 Dungeon Crawl Stone Soup version 0.29.0-4-gdea44cf6ec (webtiles) character file.

Game seed: 3965452904975997766

51 gelatine the Stinger (level 3, 0/25 HPs)
             Began as a Demonspawn Venom Mage on Aug 26, 2022.
             Was a Follower of Ashenzari.
             Slain by a river rat (8 damage)
             ... on level 3 of the Dungeon.
             The game lasted 00:07:53 (1939 turns).

gelatine the Stinger (Demonspawn Venom Mage)        Turns: 1939, Time: 00:07:54

Health: 0/25       AC:  3    Str: 11    XL:     3   Next: 58%
Magic:  5/7        EV: 12    Int: 21    God:    Ashenzari [*.....]
Gold:   57         SH:  0    Dex: 15    Spells: 2/8 levels left

rFire   . . .      SeeInvis .   o - +5 sling "Qeunacka" {flame, Str+3 Int+3}
rCold   . . .      Faith    .   (no shield)
rNeg    . . .      Spirit   .   a - +0 robe "Oscillating Fan" {Elem, Fort} (curse)
rPois   .          Reflect  .   (no helmet)
rElec   .          Harm     .   (no cloak)
rCorr   .          Rampage  .   (no gloves)
Will    .....                   h - +0 pair of boots of Ashenzari's Morality {Self, Comp} (curse)
Stlth   +++.......              (no amulet)
HPRegen 0.08/turn               (no ring)
MPRegen 0.10/turn               (no ring)

@: no status effects
A: thin skeletal structure 1
a: Renounce Religion, Shatter the Chains


You were on level 3 of the Dungeon.
You worshipped Ashenzari.
Ashenzari was aware of your devotion.
You visited 1 branch of the dungeon, and saw 3 of its levels.

You collected 57 gold pieces.

Inventory:

Hand Weapons
 e - a +0 club
 f - a +0 whip
 o - the +5 sling "Qeunacka" (weapon) {flame, Str+3 Int+3}
   (You found it on level 2 of the Dungeon)

   Any ammunition fired from it burns those it strikes, dealing additional fire
   damage.
   Str:       It affects your strength (+3).
   Int:       It affects your intelligence (+3).
Missiles
 j - 11 poisoned darts
Armour
 a - the cursed +0 robe "Oscillating Fan" (worn) {Elem, Fort}

   It has a curse which improves the following skills: Elements: Fire Magic, Ice
   Magic, Air Magic and Earth Magic.
   Fortitude: Armour and Shields.
 h - the cursed +0 pair of boots of Ashenzari's Morality (worn) {Self, Comp}
   (You found it on level 1 of the Dungeon)

   It has a curse which improves the following skills: Introspection: Fighting
   and Spellcasting.
   Companions: Summonings and Necromancy.
Magical Staves
 n - a staff of poison
Scrolls
 c - a scroll of teleportation
 l - a scroll of amnesia
 m - a scroll of identify
Potions
 b - a potion of magic
 d - 2 potions of heal wounds
 g - a potion of mutation
 i - a potion of invisibility
 k - a potion of curing
 p - a potion of brilliance


   Skills:
 * Level 0.2(0.4) Fighting
 + Level 0.1 Maces & Flails
 + Level 0.1 Staves
 * Level 0.2(0.4) Armour
 + Level 2.1 Dodging
 + Level 1.8 Stealth
 + Level 2.4(3.1) Spellcasting
 * Level 0.1 Conjurations
 + Level 1.3 Transmutations
 + Level 3.7 Poison Magic
 * Level 0.1 Evocations


You had 2 spell levels left.
You knew the following spells:

 Your Spells              Type           Power      Damage    Failure   Level
a - Sting                 Tmut/Pois      52%        1d5       4%          1
b - Poisonous Vapours     Pois/Air       22%        N/A       9%          2
c - Mephitic Cloud        Conj/Pois/Air  8%         N/A       22%         3

Your spell library contained the following spells:

 Spells                   Type           Power      Damage    Failure   Level
 Olgreb's Toxic Radiance  Pois           18%        N/A       28%         4


Dungeon Overview and Level Annotations

Branches:
Dungeon (3/15)

Altars:
Ashenzari


Innate Abilities, Weirdness & Mutations

You have a somewhat thin skeletal structure. (Dex +2, Stealth+)


Message History

You shoot a sling bullet. The sling bullet hits the ball python!
The sling bullet burns the ball python.
You kill the ball python!
You open the door.
There is an open door here.
Found a stone staircase leading down.
A kobold comes into view. It is wielding a +0 club.
You shoot a sling bullet.
The sling bullet hits the kobold but does no damage.
You shoot a sling bullet.
The sling bullet completely misses the kobold.
The kobold hits you with a +0 club.
You shoot a sling bullet.
The sling bullet hits the kobold but does no damage.
The kobold barely misses you. The kobold hits you with a +0 club.
You are too injured to fight recklessly!
Casting: Mephitic Cloud (extremely dangerous; 22% risk of failure)
Confirm with . or Enter, or press ? or * to list all spells.
Aiming: Sting (safe; 4% risk of failure)
Press: ? - help, Shift-Dir - straight line, f/p - kobold
Aim: a kobold, wielding a +0 club (64% to hit)
The sting hits the kobold.
The kobold is poisoned.
You kill the kobold!
A river rat comes into view.
You hear the brisk rusting of a drain.
Casting: Sting (safe; 4% risk of failure)
Confirm with . or Enter, or press ? or * to list all spells.
Aiming: Sting (safe; 4% risk of failure)
Press: ? - help, Shift-Dir - straight line, f - river rat
Aim: a river rat (68% to hit)
The sting hits the river rat but does no damage.
The river rat is poisoned.
The river rat bites you.
Casting: Sting (safe; 4% risk of failure)
Confirm with . or Enter, or press ? or * to list all spells.
Aiming: Sting (safe; 4% risk of failure)
Press: ? - help, Shift-Dir - straight line, f/p - river rat
Aim: a river rat (poisoned, 68% to hit)
The sting hits the river rat but does no damage.
The river rat looks even sicker.
The river rat bites you!
You die...

######
#....#
#.##@#
###.#r##
##.#.#~ ##
##....#~ #.
....#>....#~
#.
#......).#~
∩ #.
######.###~
# #.# #. #
#.# #


You could see a river rat (very poisoned).

Vanquished Creatures
  An adder (D:3)
  2 dart slugs (D:1)
  6 endoplasms
  3 giant cockroaches (D:1)
  2 goblins
  3 hobgoblins
  2 quokkas (D:1)
  2 ball pythons
  7 bats
  3 kobolds
  4 rats
35 creatures vanquished.

Notes
Turn   | Place    | Note
-------+----------+-------------------------------------------
     0 | D:1      | gelatine the Demonspawn Venom Mage began the quest for the
                  | Orb.
     0 | D:1      | Reached XP level 1. HP: 13/13 MP: 3/3
   436 | D:1      | Reached skill level 1 in Transmutations
   436 | D:1      | Gained mutation: You have a somewhat thin skeletal
                  | structure. (Dex +2, Stealth+) [demonic ancestry]
   436 | D:1      | Reached XP level 2. HP: 19/19 MP: 1/5
   602 | D:1      | Found a faded altar of an unknown god.
  1120 | D:1      | Prayed at the altar of an unknown god.
  1120 | D:1      | Became a worshipper of Ashenzari the Shackled
  1392 | D:2      | Reached XP level 3. HP: 15/24 MP: 7/7
  1410 | D:2      | Learned a level 2 spell: Poisonous Vapours
  1414 | D:2      | Learned a level 3 spell: Mephitic Cloud
  1525 | D:2      | Identified the +5 sling "Qeunacka" {flame, Str+3 Int+3}
  1682 | D:2      | Reached * piety under Ashenzari
  1939 | D:3      | Slain by a river rat

Illustrated notes

Levels and vault maps discovered:
D:1:      dpeg_arrival_renting, layout_loops_cross,
          hellmonk_ecumenical_altar_crossroads, minmay_pentomino_u4
D:2:      layout_rooms, kennysheep_generic_room_8
D:3:      layout_loops_corners, gup_sewer_entry_spiral, reono_crystal_passage

Skill      XL: |  1  2 |
---------------+-------+-----
Transmutations | 1 |  1.3
Dodging        | 2 |  2.1
Fighting       | |  0.2
Maces & Flails | |  0.1
Staves         | |  0.1
Armour         | |  0.2
Stealth        | |  1.8
Spellcasting   | |  2.4
Conjurations   | |  0.1
Poison Magic   | |  3.7
Evocations     | |  0.1

Action                   || total
-------------------------++-------
Melee: Club              ||    10
       Unarmed           ||     2
       Staff             ||    14
       Whip              ||     1
       Punch             ||     1
 Fire: Sling             ||    18
 Cast: Sting             ||    48
       Mephitic Cloud    ||     1
       Poisonous Vapours ||     1
Invok: Curse Item        ||     2
 Stab: Distracted        ||     1
Armor: Robe              ||    21
Dodge: Dodged            ||    36
